 Dungeon Crawl Stone Soup version bcrawl-1.40.2 (webtiles) character file.

Game seed: 11732993909168118594

456971 Mehrunes the Severer (level 15, -10/127 HPs)
             Began as a Mummy Berserker on Nov 18, 2023.
             Was a High Priest of Trog.
             Killed from afar by a crystal guardian (13 damage)
             ... with a crystal bolt
             ... on level 12 of the Dungeon.
             The game lasted 00:46:52 (25556 turns).

Mehrunes the Severer (Mummy Berserker)             Turns: 25556, Time: 00:46:53

Health: -10/127    AC: 19    Str: 22    XL:     15   Next: 55%
Magic:  18/18      EV: 13    Int:  7    God:    Trog [*****.]
Gold:   1369       SH:  0    Dex: 16    Spells: 14/14 levels left

rFire    + . .     GDR:     32% a - +7 battleaxe (venom)
rCold    + . .     SeeInvis .   (shield currently unavailable)
rNeg     + + +     Gourm    .   x - +0 plate armour
rPois    ∞         Faith    .   J - +2 hat
rElec    .         Spirit   .   G - +0 cloak
rCorr    .         Reflect  .   d - +0 pair of gloves
MR       +....     Clarity  +   (no boots)
Stlth    ..........             f - amulet of regeneration
HPRegen  0.85/turn              c - +3 ring of protection
MPRegen  0.16/turn              k - ring of the Moon {rF++ EV+4}

@: about to teleport
A: no food or potions, fire vulnerability, clarity, cold resistance 1, negative
energy resistance 3, torment resistance, unbreathing, strong hexes 1
a: Trog's Hand, Brothers in Arms, Renounce Religion


You were on level 12 of the Dungeon.
You worshipped Trog.
Trog was extremely pleased with you.
You were not hungry.

You visited 3 branches of the dungeon, and saw 19 of its levels.
You also visited: Sewer.

You collected 2517 gold pieces.
You spent 1148 gold pieces at shops.

Inventory:

Hand Weapons
 a - a +7 battleaxe of venom (weapon)
 b - a +6 hunting sling of flaming
 p - a +3 antimagic executioner's axe
 s - a +0 war axe
 v - a +0 hand axe of venom
 K - the +6 longbow "Tucaitig" {flame, rN+++ Int-3 Dex+5}
   (Trog gifted it to you in the Orcish Mines)

   It causes projectiles fired from it to surge with flame as they hit,
   increasing damage dealt by approximately one third against foes not resistant
   or susceptible to fire.
   It affects your intelligence (-3).
   It affects your dexterity (+5).
   It renders you almost immune to negative energy.
Missiles
 g - 464 poisoned tomahawks (quivered)
 r - 1374 sling bullets
 w - 2 throwing nets {=f}
Armour
 d - a +0 pair of gloves (worn)
 m - the +0 helmet "Ramuumom" {rCorr}
   (You took it off Robin on level 2 of the Dungeon)

   It provides partial protection from all sources of acid and corrosion.
 x - a +0 plate armour (worn)
 G - a +0 cloak (worn)
 J - a +2 hat (worn)
Jewellery
 c - a +3 ring of protection (left hand)
 f - an amulet of regeneration (around neck)
 k - the ring of the Moon (right hand) {rF++ EV+4}
   (You bought it in a shop in the Orcish Mines)

   [ring of evasion]

   It affects your evasion (+4).
   It greatly protects you from fire.
 l - a +2 ring of protection
 F - a +4 ring of strength
Wands
 z - a wand of flame (41)
 C - a wand of random effects (36)
 D - a wand of iceblast (6)
 E - a wand of charming (21)
 H - a wand of acid (9)
 I - a wand of digging (18)
Scrolls
 e - 9 scrolls of fog
 h - 6 scrolls of revelation
 i - 12 scrolls of identify
 j - 2 scrolls of enchant armour
 n - 4 scrolls of noise
 o - 5 scrolls of teleportation
 q - 4 scrolls of remove curse
 t - a scroll of immolation
 u - 6 scrolls of enchant weapon
 y - a scroll of brand weapon
 A - a scroll of vulnerability
Miscellaneous
 B - a phantom mirror


   Skills:
 + Level 14.7 Fighting
 * Level 17.0 Axes
 - Level 5.0 Slings
 - Level 5.0 Armour
 - Level 5.0 Dodging
 - Level 5.0 Evocations


You had 14 spell levels left.
You didn't know any spells.
Your spell library was empty.

Dungeon Overview and Level Annotations

Branches:
Dungeon (12/12)            Temple (0/1) D:4            Lair (6/6) D:7
 Shoals (0/3) Lair:3        Snake (0/3) Lair:3        Slime (0/5) Orc
    Orc (1/1) D:11         Vaults (0/3) D:11         Forest (0/3) Lair:5
 Depths (0/5) D:12

Altars:
Ashenzari
Hepliaklqana
Nemelex Xobeh
Okawaru
Uskayaw
Vehumet
Wu Jian
Yredelemnul
Jiyva

Shops:
D:4 *   Orc =*=((?[%

Annotations:
D:12 exclusion: orange crystal statue
Lair:5 exclusion: oklob plant
Lair:6 1 runed door


Innate Abilities, Weirdness & Mutations

You do not eat or drink.
Your flesh is vulnerable to fire.
You are immune to poison.
You possess an exceptional clarity of mind.
Your flesh is cold resistant. (rC+)
You are immune to negative energy. (rN+++)
You are immune to unholy pain and torment.
You can survive without breathing.
Your hexes are more powerful.


Message History

You resist. The crystal bolt freezes you!!
You hit the crystal guardian.
The crystal guardian is heavily damaged.
You hit the crystal guardian.
The crystal guardian is heavily damaged.
The crystal guardian hits you!
You slash the crystal guardian!
The crystal guardian is severely damaged.
The crystal guardian fires a crystalline bolt at you.
You resist. The crystal bolt burns you!!
* * * LOW HITPOINT WARNING * * *
As you read the scroll of teleportation, it crumbles to dust.
You feel strangely unstable.
The crystal guardian fires a crystalline bolt at you.
You resist. The crystal bolt burns you!!
* * * LOW HITPOINT WARNING * * *
Okay, then.
The crystal guardian fires a crystalline bolt at you.
You resist. The crystal bolt burns you!
You die...

###......##'####....≈≈≈≈≈≈≈≈≈≈≈≈≈
#......#....##....≈###########≈
#......#....#.....≈# #≈
#......#....'.....≈# #≈
#......#....#.....≈# #≈
#......#....#.....≈#),[,,=|,,#≈
#......#....##....≈#$[,=8,$,,#≈
###....#....##....≈#,[,([$,,.#≈
#....'....!.@...≈#,,,,,|$..#≈
#?...#.(........≈#$:,),,.?!#≈
#....#........9.≈# ,$,,... #≈
#....#..........≈# **'## #≈
#....#..........≈#####≈#####≈
#....##########.≈≈≈°9≈≈≈≈≈≈≈≈
###### ###############


You could see a crystal guardian.

Vanquished Creatures
  An ironheart preserver (D:11)
  A crystal guardian (D:12)
  A fire dragon (D:12)
  10 hydras
  Harold (Orc)
  An ice dragon (D:11)
  2 anacondas (Lair:6)
  2 two-headed ogres (D:11)
  A tengu warrior (D:11)
  6 death yaks (Lair:4)
  6 orc high priests (Orc)
  4 centaur warriors
  A lindwurm (Lair:6)
  An unseen horror (D:10)
  5 orc knights (Orc)
  A wolf spider zombie (D:10)
  An ugly thing (D:12)
  An orc sorcerer (Orc)
  4 manticores
  A moth of wrath (shapeshifter) (D:12)
  A deep elf mage (D:8)
  3 black mambas
  12 cane toads
  14 elephants (Lair:6)
  3 gargoyles
  6 torpor snails
  2 kobold demonologists (D:11)
  An efreet (D:11)
  2 rime drakes
  6 komodo dragons
  A freezing wraith (D:12)
  2 tengu conjurers (D:11)
  2 eyes of draining
  5 trolls
  8 hornets
  9 polar bears (Lair:6)
  4 tyrant leeches (Lair:6)
  A harpy skeleton (D:12)
  3 raiju (Lair:6)
  7 dream sheep (Lair:6)
  A hippogriff (shapeshifter) (D:12)
  7 blink frogs
  9 slime creatures
  A snapping turtle (Lair:3)
  A meliai zombie (D:12)
  8 hippogriffs
  A shadow (D:10)
  3 wraiths (D:10)
  2 wyverns
  A vampire (D:9)
  45 yaks
  A steam dragon (D:7)
  7 basilisks
  2 vampire mosquitoes (D:12)
  3 hungry ghosts
  8 crocodiles
  17 water moccasins
  5 wargs
  An acid dragon (D:10)
  14 hell hounds (Lair:6)
  7 porcupines
  35 orc warriors
  A phantom (D:5)
  5 sky beasts
  3 hornet zombies
  7 ice beasts
  11 black bears (Lair:6)
  26 wolves
  11 ogres
  4 kobold brigands
  12 bullfrogs
  8 centaurs
  6 scorpions
  A hornet simulacrum (D:12)
  3 killer bees (D:10)
  4 wights (D:11)
  6 howler monkeys
  29 orc priests
  6 crimson imps
  A wolf skeleton (D:10)
  A quasit (D:8)
  A bullfrog skeleton (D:5)
  A jelly (Orc)
  15 orc wizards
  8 hounds
  7 worker ants
  5 iguanas
  A killer bee zombie (D:7)
  A hound zombie (D:8)
  A hound skeleton (D:8)
  Robin (D:2)
  31 adders
  4 gnolls (D:3)
  2 river rats (D:3)
  2 shadow imps
  2 oozes
  9 worms
  3 dart slugs
  11 leopard geckos
  77 orcs
  A giant cockroach (D:5)
  13 goblins
  10 hobgoblins
  12 jackals
  A ball python (D:3)
  8 bats
  7 frilled lizards
  19 kobolds
  A quokka skeleton (D:5)
  14 rats
  2 bushes (Lair:6)
  4 fungi
  8 plants
749 creatures vanquished.

Vanquished Creatures (collateral kills)
  Jorgrun (D:12)
  Josephine (D:10)
  2 hydras (Lair:2)
  Erica (D:9)
  A cane toad (Lair:2)
  A crocodile (Lair:2)
  A water moccasin (Lair:2)
  A bullfrog (D:9)
9 creatures vanquished.

Vanquished Creatures (others)
  17 fungi
  33 plants
50 creatures vanquished.

Grand Total: 808 creatures vanquished

Notes
Turn   | Place    | Note
-------+----------+-------------------------------------------
     0 | D:1      | Mehrunes the Mummy Berserker began the quest for the Orb.
     0 | D:1      | Reached XP level 1. HP: 18/18 MP: 1/1
   126 | D:1      | Reached XP level 2. HP: 24/24 MP: 2/2
   213 | D:1      | Reached skill level 3 in Axes
   412 | D:1      | Reached XP level 3. HP: 22/29 MP: 3/3
   806 | D:2      | Reached ** piety under Trog
  1024 | D:2      | Reached XP level 4. HP: 17/37 MP: 4/4
  1141 | D:2      | Found a white marble altar of Elyvilon.
  1143 | D:2      | Found a glowing golden altar of the Shining One.
  1352 | D:2      | Found a faded altar of an unknown god.
  1479 | D:2      | Found a shattered altar of Ashenzari.
  1563 | D:2      | Identified the cursed +0 helmet "Ramuumom" {rCorr}
  1563 | D:2      | Noticed Robin
  1624 | D:2      | Killed Robin
  1625 | D:2      | Reached skill level 4 in Axes
  2111 | D:3      | Reached XP level 5. HP: 39/42 MP: 5/5
  2211 | D:3      | Reached *** piety under Trog
  2231 | D:3      | Found a glowing drain.
  2238 | Sewer    | Entered a sewer
  2290 | Sewer    | Noticed a crocodile
  2296 | Sewer    | Killed a crocodile
  2297 | Sewer    | Reached XP level 6. HP: 6/49 MP: 6/6
  2502 | D:3      | Reached skill level 5 in Axes
  3522 | D:4      | Found a staircase to the Ecumenical Temple.
  3562 | D:4      | Reached skill level 5 in Fighting
  3645 | D:4      | Reached XP level 7. HP: 27/56 MP: 7/7
  3923 | D:4      | Found a glowing silver altar of Zin.
  4051 | D:4      | Found Gusakic's Serpentskin Sales.
  4067 | D:4      | Reached skill level 6 in Axes
  4341 | D:4      | Found a sparkling altar of Nemelex Xobeh.
  4396 | D:5      | Entered Level 5 of the Dungeon
  4495 | D:5      | Reached XP level 8. HP: 36/64 MP: 8/8
  4602 | D:5      | Reached **** piety under Trog
  4603 | D:5      | Reached skill level 7 in Axes
  4638 | D:5      | Found a hide-covered altar of Uskayaw.
  5118 | D:4      | Bought a +0 hand axe of venom for 72 gold pieces
  5331 | D:5      | Found a basalt altar of Yredelemnul.
  5666 | D:6      | Reached skill level 8 in Axes
  5797 | D:6      | Found a radiant altar of Vehumet.
  5892 | D:6      | Reached XP level 9. HP: 72/72 MP: 9/9
  6519 | D:7      | Found an iron altar of Okawaru.
  6608 | D:7      | Reached skill level 9 in Axes
  6627 | D:7      | Noticed a troll
  6732 | D:7      | Noticed an eye of draining
  6743 | D:7      | Killed an eye of draining
  6867 | D:7      | Noticed a troll
  6940 | D:7      | Reached ***** piety under Trog
  6978 | D:7      | Found an iron altar of Okawaru.
  7008 | D:7      | Reached skill level 10 in Axes
  7031 | D:7      | Killed a troll
  7110 | D:7      | Received a gift from Trog
  7111 | D:7      | Reached XP level 10. HP: 56/82 MP: 10/10
  7172 | D:7      | Noticed a manticore
  7180 | D:7      | Killed a manticore
  7296 | D:7      | Found a staircase to the Lair.
  7663 | D:7      | Found a hazy altar of Hepliaklqana.
  8048 | D:8      | Reached skill level 11 in Axes
  8048 | D:8      | Found an ornate altar of the Wu Jian Council.
  8263 | D:8      | Noticed a deep elf mage
  8272 | D:8      | Noticed a smoke demon
  8277 | D:8      | Killed a deep elf mage
  8675 | D:9      | Reached skill level 10 in Fighting
  9037 | D:9      | Noticed Erica
  9266 | Lair:1   | Entered Level 1 of the Lair of Beasts
  9284 | Lair:1   | Reached XP level 11. HP: 63/91 MP: 11/11
  9469 | Lair:1   | Reached skill level 12 in Axes
  9728 | Lair:1   | Received a gift from Trog
 10016 | Lair:1   | Reached skill level 1 in Slings
 10662 | Lair:2   | Noticed an eight-headed hydra
 10697 | Lair:2   | Killed an eight-headed hydra
 10783 | Lair:2   | Noticed a six-headed hydra
 10793 | Lair:2   | Killed a six-headed hydra
 11266 | Lair:2   | Reached XP level 12. HP: 80/100 MP: 12/12
 11582 | Lair:3   | Found a staircase to the Snake Pit.
 11607 | Lair:3   | Reached skill level 13 in Axes
 11742 | Lair:3   | Found a glowing silver altar of Zin.
 11985 | Lair:3   | Noticed a seven-headed hydra
 11996 | Lair:3   | Killed a seven-headed hydra
 12032 | Lair:3   | Noticed a four-headed hydra
 12041 | Lair:3   | Killed a four-headed hydra
 12114 | Lair:3   | Found a staircase to the Shoals.
 12451 | Lair:4   | Noticed a death yak
 12914 | Lair:4   | Noticed a death yak
 12920 | Lair:4   | Noticed a death yak
 12923 | Lair:4   | Killed a death yak
 12933 | Lair:4   | Killed a death yak
 13299 | Lair:4   | Noticed a death yak
 13302 | Lair:4   | Noticed a death yak
 13302 | Lair:4   | Noticed a death yak
 13306 | Lair:4   | Killed a death yak
 13356 | Lair:4   | Killed a death yak
 13383 | Lair:4   | Killed a death yak
 13521 | Lair:4   | Reached XP level 13. HP: 106/107 MP: 13/13
 14375 | Lair:5   | Found a staircase to the Spriggan Forest.
 14416 | Lair:5   | Reached skill level 5 in Dodging
 14661 | Lair:5   | Reached skill level 5 in Armour
 15155 | Lair:6   | Entered Level 6 of the Lair of Beasts
 15175 | Lair:6   | Reached skill level 1 in Evocations
 15178 | Lair:6   | Reached skill level 14 in Axes
 15181 | Lair:6   | Reached skill level 5 in Slings
 15585 | Lair:6   | Found a runed door.
 15733 | Lair:6   | Received a gift from Trog
 16097 | Lair:6   | Reached XP level 14. HP: 110/116 MP: 16/16
 16665 | Lair:6   | Reached skill level 15 in Axes
 17774 | Lair:6   | Found a runed door.
 18554 | Lair:6   | Reached skill level 5 in Evocations
 19107 | D:9      | Killed Erica
 19340 | D:9      | Found a shattered altar of Ashenzari.
 19613 | D:10     | Entered Level 10 of the Dungeon
 20061 | D:10     | Noticed Josephine
 20076 | D:10     | Killed Josephine
 21087 | D:11     | Noticed an ironheart preserver
 21091 | D:11     | Found a gate to the Vaults.
 21147 | D:11     | Killed an ironheart preserver
 21409 | D:11     | Reached skill level 16 in Axes
 21409 | D:11     | Found a staircase to the Orcish Mines.
 21707 | D:11     | Reached ****** piety under Trog
 21745 | Orc      | Entered the Orcish Mines
 21756 | Orc      | Received a gift from Trog
 21835 | Orc      | Reached XP level 15. HP: 97/126 MP: 18/18
 21893 | Orc      | Found Oranyw's Weapon Emporium.
 22273 | Orc      | Found a roughly hewn altar of Beogh.
 22357 | Orc      | Found Attur's General Store.
 22392 | Orc      | Found Qaha's Jewellery Emporium.
 22402 | Orc      | Bought the ring of the Moon {rF++ EV+4} for 1076 gold
                  | pieces
 22409 | Orc      | Found Tyom's Jewellery Emporium.
 22495 | Orc      | Received a gift from Trog
 22499 | Orc      | Got an ancient longbow {god gift}
 22502 | Orc      | Identified the +6 longbow "Tucaitig" {flame, rN+++ Int-3
                  | Dex+5} (Trog gifted it to you in the Orcish Mines)
 22527 | Orc      | Found a staircase to the Slime Pits.
 22529 | Orc      | Found a viscous altar of Jiyva.
 22860 | Orc      | Noticed Harold
 22884 | Orc      | Killed Harold
 23057 | Orc      | Found Erem's Magic Scroll Shop.
 23057 | Orc      | Found Muos Ilu's Antique Weapon Shop.
 23058 | Orc      | Found Laodorunyl's Food Shop.
 23058 | Orc      | Found Jierir's Antique Armour Boutique.
 23500 | D:12     | Entered Level 12 of the Dungeon
 23596 | D:12     | Noticed Jorgrun
 23982 | D:12     | Found a staircase to the Depths.
 24226 | D:12     | Killed Jorgrun
 24624 | D:12     | Received a gift from Trog
 24666 | D:12     | Found a runed door.
 24826 | D:12     | Reached skill level 17 in Axes
 24998 | D:12     | Found a staircase to the Depths.
 25554 | D:12     | HP: 1/127 [crystal guardian/crystal bolt (26)]
 25556 | D:12     | Killed from afar by a crystal guardian

Skill      XL: |  1  2  3  4  5  6  7  8  9 10 11 12 13 14 15 |
---------------+----------------------------------------------+-----
Axes           | 3 4 5 6 8 10 11 12 13 14 16 17 | 17.0
Fighting       | 4 5 6 7 8 10 11 12 14 | 14.7
Slings         | 2 4 5 |  5.0
Dodging        | 2 4 5 |  5.0
Armour         | 3 4 5 |  5.0
Evocations     | 3 5 |  5.0

Action                   |  1- 3 |  4- 6 |  7- 9 | 10-12 | 13-15 || total
-------------------------+-------+-------+-------+-------+-------++-------
Melee: Hand axe          |   112 |   270 |   476 |     6 |       ||   864
       Battleaxe         |       |       |       |   402 |   943 ||  1345
 Fire: Hunting sling     |       |       |       |    48 |    85 ||   133
Throw: Tomahawk          |     8 |    21 |    22 |    26 |    33 ||   110
Invok: Brothers in Arms  |       |       |       |     2 |     4 ||     6
       Trog's Hand       |       |       |       |       |     5 ||     5
Evoke: Wand              |       |       |       |       |     3 ||     3
  Use: Scroll            |       |     3 |     7 |     4 |    13 ||    27
Armor: Animal skin       |    10 |       |       |       |       ||    10
       Ring mail         |    38 |    87 |       |       |       ||   125
       Chain mail        |       |    11 |   244 |    13 |       ||   268
       Plate armour      |       |       |       |   314 |   759 ||  1073
Dodge: Dodged            |    91 |   144 |   156 |   143 |   495 ||  1029
